 Dungeon Crawl Stone Soup version 0.17-a0-1020-ge683cc4 (console) character file.

137 Monkaria the Slasher (level 5, 0/42 HPs)
             Began as a Demonspawn Chaos Knight on May 14, 2015.
             Succumbed to poison (a potion of poison)
             ... on level 2 of the Dungeon.
             The game lasted 00:02:09 (1112 turns).

Monkaria the Slasher (Demonspawn Chaos Knight)      Turns: 1112, Time: 00:02:09

Health: 0/42       AC:  6    Str: 13    XL:     5   Next: 0%
Magic:  5/5        EV: 11    Int: 14    God:    Xom [..*...]
Gold:   87         SH:  0    Dex: 12    Spells: 0 memorised, 4 levels left

rFire  . . .     SeeInvis .     a - +0 falchion (chaos)
rCold  . . .     Clarity  .     b - +3 leather armour
rNeg   . . .     SustAb   .     (no shield)
rPois  .         Gourm    .     (no helmet)
rElec  .         Spirit   .     (no cloak)
rCorr  .         Warding  .     (no gloves)
rMut   .         Stasis   .     (no boots)
MR     .....                    (no amulet)
Stlth  +.........               (no ring)
                                (no ring)

@: lethally poisoned (0 -> -12), not resistant to hostile enchantments, very
unstealthy
A: powered by death 2
a: Renounce Religion


You were on level 2 of the Dungeon.
You worshipped Xom.
You were a toy of Xom.
You were not hungry.

You visited 1 branch of the dungeon, and saw 2 of its levels.

You collected 87 gold pieces.

Inventory:

Hand weapons
 a - a +0 falchion of chaos (weapon)
Missiles
 e - 31 poisoned needles
Armour
 b - a +3 leather armour (worn)
Jewellery
 k - an uncursed ring of flight {unknown}
Scrolls
 h - 2 scrolls of fog
Potions
 j - a potion of poison
Comestibles
 c - 3 bread rations
 f - a slice of pizza
 i - 2 chunks of flesh


   Skills:
 - Level 4.1 Fighting
 + Level 4.4 Long Blades
 - Level 1.7 Armour
 - Level 0.8 Dodging


You had 4 spell levels left.
You didn't know any spells.

Dungeon Overview and Level Annotations

Branches:
Dungeon (2/15)

Altars:

Annotations:
D:2 Terence


Innate Abilities, Weirdness & Mutations

You can steal the life force of defeated enemies.


Message History

Your +2 leather armour glows green for a moment.
* * * LOW HITPOINT WARNING * * *
You feel sick. Terence hits you but does no damage.
The giant cockroach closely misses you.
The giant cockroach bites you but does no damage.
The giant cockroach waves its antennae.
The giant cockroach bites you but does no damage.
Terence hits you with a flail.
* * * LOW HITPOINT WARNING * * *
Unknown command.
Unknown command.
Read which item? (? for menu, Esc to quit)
As you read the scroll labeled MASSO YDWOA, it crumbles to dust.
The scroll dissolves into smoke.
It was a scroll of fog.
* * * LOW HITPOINT WARNING * * *
You feel sick.
The giant cockroach bites you but does no damage. x3
Terence hits you but does no damage. The giant cockroach misses you.
You die...
Xom snickers!

#..# #.# #.#
#..###.####
##.######..#.......
#...............###
##...#####.##.##.#
# ##.....##
#.##.##.###
#.......#
#..........
#...§@§.#
#....#.....
#...@§§§#
#.####...##
##..sss## #.#
###### ##.§.#####.#
# #.>.......#
###########


You could see Terence (berserk) and 3 giant cockroaches.

Vanquished Creatures
  4 gnolls
  3 adders (D:2)
  2 oozes (D:2)
  3 worms (D:2)
  2 giant geckos
  3 bats
  A giant cockroach (D:2)
  9 hobgoblins
  A quokka (D:2)
  3 goblins (D:1)
  10 jackals
  8 kobolds
  4 rats
53 creatures vanquished.

Vanquished Creatures (collateral kills)
  A kobold (D:2)
1 creature vanquished.

Grand Total: 54 creatures vanquished

Notes
Turn   | Place    | Note
--------------------------------------------------------------
     0 | D:1      | Monkaria the Demonspawn Chaos Knight began the quest for the Orb.
     0 | D:1      | Reached XP level 1. HP: 18/18 MP: 1/1
    79 | D:1      | XOM: potion effect (berserk rage)
    92 | D:1      | Gained mutation: You can steal the life force of nearby defeated enemies. [demonic ancestry]
    92 | D:1      | Reached XP level 2. HP: 6/24 MP: 2/2
   106 | D:1      | XOM: divination: magic mapping
   213 | D:1      | Reached skill level 4 in Fighting
   352 | D:1      | XOM: mild Hex miscast
   398 | D:1      | XOM: harmless Hex miscast
   429 | D:1      | Reached XP level 3. HP: 9/30 MP: 3/3
   634 | D:2      | XOM: confusion (+ monsters)
   725 | D:2      | Gained mutation: You can steal the life force of defeated enemies. [demonic ancestry]
   725 | D:2      | Reached XP level 4. HP: 28/37 MP: 4/4
   977 | D:2      | XOM: mild Conj miscast
  1083 | D:2      | Noticed Terence
  1086 | D:2      | Reached XP level 5. HP: 39/42 MP: 5/5
  1093 | D:2      | XOM: mild Trmt miscast
  1110 | D:2      | HP: 2/42 [Terence/flail (2)]
  1112 | D:2      | Succumbed to poison (a potion of poison)

Vault maps used:
D:1:      matt_arrival_diagonals
D:2:      lemuel_coloured_pillars_altar, first_bread, hangedman_decor_points,
          uniq_terence, uniq_jessica

Action                   |  1- 3 |  4- 6 || total
-------------------------+-------+-------++-------
Melee: Falchion          |   125 |    80 ||   205
  Use: Scroll            |       |     2 ||     2
       Potion            |       |     2 ||     2
  Eat: Chunk             |       |     2 ||     2
